 Dungeon Crawl Stone Soup version 0.20.1-1-g8b1a95d (webtiles) character file.

17 letownia2 the Grave Robber (level 2, 0/22 HPs)
             Began as a Deep Dwarf Necromancer on Nov 13, 2017.
             Slain by a hobgoblin
             ... wielding a +0 club
             ... led by Robin
              (2 damage)
             ... on level 4 of the Dungeon.
             The game lasted 00:01:36 (456 turns).

letownia2 the Grave Robber (Deep Dwarf Necromancer)  Turns: 456, Time: 00:01:37

Health: 0/22       AC:  2    Str: 11    XL:     2   Next: 44%
Magic:  5/5        EV: 12    Int: 15    God:
Gold:   8          SH:  0    Dex: 13    Spells: 4/5 levels left

rFire    . . .     SeeInvis .   a - +2 dagger (elec)
rCold    . . .     Gourm    .   (no shield)
rNeg     . . .     Faith    .   f - +0 robe
rPois    +         Spirit   .   (no helmet)
rElec    .         Reflect  .   (no cloak)
rCorr    .         Harm     .   (no gloves)
MR       .....                  (no boots)
Stlth    ++........             (no amulet)
Regen    0.0/turn               k - ring of poison resistance
MPRegen  0.1/turn               (no ring)

@: non-regenerating
A: damage resistance, heal wounds, sense surroundings 1, no regeneration
a: Heal Wounds


You were on level 4 of the Dungeon.
You were not hungry.

You visited 1 branch of the dungeon, and saw 5 of its levels.

You collected 8 gold pieces.

Inventory:

Hand Weapons
 a - a +2 dagger of electrocution (weapon)
Armour
 f - a +0 robe (worn)
Jewellery
 k - a ring of poison resistance (left hand)
Scrolls
 d - a scroll of fog {unknown}
 g - a scroll of teleportation {unknown}
Potions
 e - a potion of might {unknown}
 h - a potion of brilliance {unknown}
 j - a potion of flight {unknown}
Books
 b - a book of Necromancy

   Spells                             Type                      Level
   a - Pain                           Necromancy                   1
   b - Animate Skeleton               Necromancy                   1
   c - Vampiric Draining              Necromancy                   3
   d - Regeneration                   Charms/Necromancy            3
   e - Animate Dead                   Necromancy                   4
   f - Control Undead                 Necromancy                   4
Comestibles
 c - a bread ration
 i - 3 chunks of flesh


   Skills:
 - Level 2.1 Dodging
 - Level 2.4 Stealth
 + Level 2.2 Spellcasting
 + Level 4.8 Necromancy


You had 4 spell levels left.
You knew the following spells:

 Your Spells              Type           Power        Failure   Level  Hunger
a - Pain                  Necr           ###.         3%          1    #......


Dungeon Overview and Level Annotations

Branches:
Dungeon (5/15)
 Temple: D:4-7

Altars:

Annotations:
D:4 exclusion: ogre, Robin


Innate Abilities, Weirdness & Mutations

You are resistant to damage.
You can heal yourself by infusing magical energy.
You passively map a small area around you.
You do not regenerate.


Message History

You barely miss the hobgoblin.
The hobgoblin is severely wounded.
The hobgoblin closely misses you.
You barely miss the hobgoblin.
The hobgoblin is severely wounded.
The hobgoblin hits you with a club.
You hit the hobgoblin but do no damage.
The hobgoblin is severely wounded.
You closely miss the hobgoblin.
The hobgoblin is severely wounded.
The hobgoblin hits you with a club.
Robin roars a battlecry!
The hobgoblins go into a battle-frenzy!
Robin hits you with a club!
* * * LOW HITPOINT WARNING * * *
You hit Robin but do no damage. The hobgoblin misses you.
Robin roars a battlecry!
The hobgoblins go into a battle-frenzy!
You barely miss Robin. The hobgoblin hits you with a club.
You die...

#..##
#....>.......#.......#
#.##
###.#....g.gg#g......#
##.#
#.##.......#.......#
..<#
#.###.##g####.....##
#### , , #g# #....#
##g..## ** *. , #g#
#..### ##g### * ..,
#.###.## #...#
...##.##..#######...# ,
>..gg.......g@ggggg...#
##...##.....#######...#
#... #....#.# ###...##
..# #.#.##.# ##......##
# #..#..#.# #........##
* ,...###.#.#
#..........# , ,,###
.#.# #..........# *
.#.# #..........# ,
Z#..*#..........#


You could see Robin and 5 hobgoblins.

Vanquished Creatures
  A leopard gecko (D:1)
  A giant cockroach (D:4)
  3 goblins (D:4)
  3 hobgoblins
  4 jackals (D:3)
  A rat (D:4)
13 creatures vanquished.

Notes
Turn   | Place    | Note
-------+----------+-------------------------------------------
     0 | D:1      | letownia2 the Deep Dwarf Necromancer began the quest for the Orb.
     0 | D:1      | Reached XP level 1. HP: 15/15 MP: 3/3
   218 | D:3      | Reached XP level 2. HP: 19/22 MP: 1/5
   243 | D:4      | Noticed an ogre
   409 | D:4      | Noticed Robin
   419 | D:5      | Entered Level 5 of the Dungeon
   456 | D:4      | Slain by a hobgoblin

Skill      XL: |  1 |
---------------+----+-----
Spellcasting   | 2 |  2.2
Dodging        | |  2.1
Stealth        | |  2.4
Necromancy     | |  4.8

Action                   || total
-------------------------++-------
Melee: Dagger            ||    29
 Cast: Pain              ||    15
Armor: Robe              ||     1
Dodge: Dodged            ||    33
